 Dungeon Crawl Stone Soup version 0.22.1-2-g9c5b331383 (webtiles) character file.

1304 Knicklaso the Chiller (level 8, -3/61 HPs)
             Began as a Merfolk Ice Elementalist on Dec 13, 2018.
             Slain by a slime creature (4 damage)
             ... on level 5 of the Dungeon.
             The game lasted 00:18:44 (7790 turns).

Knicklaso the Chiller (Merfolk Ice Elementalist)    Turns: 7790, Time: 00:18:45

Health: -3/61      AC:  3    Str:  8    XL:     8   Next: 57%
Magic:  4/14       EV: 16    Int: 19    God:
Gold:   331        SH:  0    Dex: 15    Spells: 10/16 levels left

rFire    x . .     SeeInvis .   b - +0 hunting sling
rCold    + . .     Gourm    .   (no shield)
rNeg     . . .     Faith    .   s - +0 robe
rPois    .         Spirit   .   (no helmet)
rElec    .         Reflect  .   (no cloak)
rCorr    .         Harm     .   (no gloves)
MR       .....                  D - +0 pair of boots
Stlth    ++........             (no amulet)
HPRegen  0.20/turn              d - ring of ice
MPRegen  0.14/turn              A - +3 ring of intelligence

@: no status effects
A: change form in water, swift swim, stealthy swim
a: no special abilities


You were on level 5 of the Dungeon.
You were very hungry.

You visited 1 branch of the dungeon, and saw 5 of its levels.

You collected 331 gold pieces.

Inventory:

Hand Weapons
 a - a +7 club
 b - a +0 hunting sling (weapon)
 C - a +0 blowgun
 E - a +0 dagger of electrocution
Missiles
 h - 148 stones (quivered)
 l - 38 poisoned needles
 v - 2 needles of confusion
Armour
 e - a +0 leather armour of cold resistance
 j - a +0 large shield
 s - a +0 robe (worn)
 D - a +0 pair of boots (worn)
Jewellery
 d - a ring of ice (left hand)
 A - a +3 ring of intelligence (right hand)
Wands
 r - a wand of iceblast (8)
 z - a wand of random effects (37)
Scrolls
 f - 4 scrolls of fear
 g - a scroll of amnesia
 n - 2 scrolls of blinking {unknown}
 o - 8 scrolls of identify {unknown}
 p - 3 scrolls of enchant armour {unknown}
 q - 4 scrolls of teleportation {unknown}
 u - 2 scrolls of immolation {unknown}
 x - a scroll of magic mapping {unknown}
 y - 3 scrolls of remove curse
Potions
 i - a potion of flight {unknown}
 k - a potion of brilliance {unknown}
 m - a potion of haste
 t - 3 potions of lignification
 w - a potion of ambrosia {unknown}
 F - a potion of curing
Comestibles
 c - 12 rations


   Skills:
 + Level 4.7 Fighting
 + Level 6.4 Dodging
 - Level 2.1 Stealth
 + Level 4.5 Spellcasting
 - Level 0.7 Conjurations
 * Level 7.7 Ice Magic


You had 10 spell levels left.
You knew the following spells:

 Your Spells              Type           Power        Failure   Level  Hunger
a - Freeze                Ice            ####         1%          1    None
b - Throw Frost           Conj/Ice       ####..       3%          2    #......
c - Ozocubu's Armour      Chrm/Ice       ####....     8%          3    ###....

Your spell library contained the following spells:

 Spells                   Type           Power        Failure   Level  Hunger
 Throw Icicle             Conj/Ice       ####....     22%         4    ####...
 Summon Ice Beast         Ice/Summ       ####....     26%         4    ####...


Dungeon Overview and Level Annotations

Branches:
Dungeon (5/15)
 Temple: D:4-7

Altars:
Qazlal


Message History

Confirm with . or Enter, or press ? or * to list all spells.
Aiming: Freeze (safe; 1% risk of failure)
Press: ? - help, Shift-Dir - straight line, f/p - slime creature
Aim: a slime creature (severely wounded)
You feel a surge of power!
You freeze the slime creature.
The slime creature is almost dead.
The slime creature hits you.
* * * LOW HITPOINT WARNING * * *
The slime creature closely misses you.
Casting: Freeze (safe; 1% risk of failure)
Confirm with . or Enter, or press ? or * to list all spells.
Aiming: Freeze (safe; 1% risk of failure)
Press: ? - help, Shift-Dir - straight line, f/p - slime creature
Aim: a slime creature (severely wounded)
You feel a surge of power!
You freeze the slime creature.
The slime creature is almost dead.
The slime creature hits you!
* * * LOW HITPOINT WARNING * * *
The slime creature hits you.
You die...

......##..............#.###.#....
..#..............................
..#...##...........####.###.#....
..#...##..#...(.......#.###.#####
..#...##..'......................
..#...##.##...........#.###......
..#...##.#########.####.# #..####
..#...##.#########.####.###..# #
..#..>.(.)..(..J@............####
...............J.................
.......(.##################..####
......#### ########..# # ......#
##########......##..####
......####......##...J÷..##.....#
.......##.....).#.#......##.....#
.......'........#.#..J...##.....#
.......'...J....#.#...÷÷.##....##


You could see 2 slime creatures.

Vanquished Creatures
  A sky beast (D:5)
  An ogre (D:5)
  A phantom (D:4)
  2 big kobolds (D:5)
  A bullfrog (D:5)
  2 scorpions
  5 killer bees (D:5)
  3 jellies (D:5)
  A centaur skeleton (D:5)
  2 orc priests
  2 orc wizards
  Jessica (D:3)
  An iguana (D:5)
  Ijyb (D:4)
  2 worker ants
  A worker ant zombie (D:5)
  4 adders
  3 oozes (D:5)
  2 worms
  A dart slug (D:3)
  6 leopard geckos
  4 orcs
  6 giant cockroaches
  10 goblins
  9 hobgoblins
  2 quokkas (D:5)
  2 ball pythons
  9 bats
  7 frilled lizards
  11 kobolds
  2 quokka zombies (D:5)
  8 rats
113 creatures vanquished.

Vanquished Creatures (others)
  9 fungi (D:5)
  8 toadstools (D:5)
17 creatures vanquished.

Grand Total: 130 creatures vanquished

Notes
Turn   | Place    | Note
-------+----------+-------------------------------------------
     0 | D:1      | Knicklaso the Merfolk Ice Elementalist began the quest for
                  | the Orb.
     0 | D:1      | Reached XP level 1. HP: 13/13 MP: 3/3
   234 | D:1      | Reached XP level 2. HP: 20/20 MP: 5/5
   242 | D:1      | Learned a level 2 spell: Throw Frost
   937 | D:1      | Reached skill level 1 in Fighting
   996 | D:1      | Reached XP level 3. HP: 26/26 MP: 4/6
  1666 | D:2      | Reached skill level 4 in Ice Magic
  2306 | D:2      | Reached XP level 4. HP: 32/32 MP: 5/7
  2325 | D:2      | Learned a level 3 spell: Ozocubu's Armour
  2363 | D:2      | You fall through a shaft!
  2410 | D:3      | Noticed Jessica
  2449 | D:3      | Killed Jessica
  3149 | D:3      | Reached XP level 5. HP: 21/38 MP: 9/9
  3634 | D:4      | Reached skill level 5 in Ice Magic
  3634 | D:4      | Reached XP level 6. HP: 29/46 MP: 5/10
  4050 | D:4      | Noticed Ijyb
  4109 | D:4      | Killed Ijyb
  4452 | D:4      | Found a stormy altar of Qazlal.
  4518 | D:4      | Noticed a phantom
  5075 | D:4      | Killed a phantom
  5075 | D:4      | Reached XP level 7. HP: 6/52 MP: 10/12
  5464 | D:5      | Entered Level 5 of the Dungeon
  5491 | D:5      | Reached skill level 5 in Dodging
  5491 | D:5      | Reached skill level 6 in Ice Magic
  6331 | D:5      | Reached XP level 8. HP: 60/60 MP: 7/14
  6696 | D:5      | Reached skill level 7 in Ice Magic
  7512 | D:5      | Noticed a slime creature
  7512 | D:5      | Noticed a slime creature
  7790 | D:5      | HP: 1/61 [slime creature (17)]
  7790 | D:5      | Slain by a slime creature

Skill      XL: |  1  2  3  4  5  6  7  8 |
---------------+-------------------------+-----
Dodging        | 3 4 5 6 |  6.4
Fighting       | 1 2 3 4 |  4.7
Ice Magic      | 4 5 6 7 |  7.7
Spellcasting   | 3 4 |  4.5
Stealth        | |  2.1
Conjurations   | |  0.7

Action                   |  1- 3 |  4- 6 |  7- 9 || total
-------------------------+-------+-------+-------++-------
Melee: Club              |     5 |    46 |     9 ||    60
       Whip              |    94 |       |       ||    94
       Unarmed           |     3 |       |       ||     3
       Hunting sling     |       |     1 |       ||     1
 Fire: Hunting sling     |    34 |   116 |    71 ||   221
Throw: Stone             |       |     1 |       ||     1
 Cast: Freeze            |    35 |    28 |    77 ||   140
       Throw Frost       |       |     1 |    24 ||    25
  Use: Scroll            |     3 |       |     1 ||     4
       Potion            |       |     2 |     1 ||     3
 Stab: Sleeping          |     9 |     1 |       ||    10
  Eat: Chunk             |     5 |     6 |     7 ||    18
       Ration            |       |     1 |       ||     1
Armor: Robe              |    39 |     5 |     5 ||    49
       Skin              |       |       |    24 ||    24
Dodge: Dodged            |   122 |    50 |    56 ||   228
